 Dungeon Crawl Stone Soup version 0.26.0-15-gc6cd9f7 (webtiles) character file.

Game seed: 6620111583058574588

847 Jonnyslop the Chopper (level 7, -1/66 HPs)
             Began as a Palentonga Berserker on Jan 12, 2021.
             Was a Priest of Trog.
             Slain by an orc wizard
             ... wielding a +1 dagger of venom
              (3 damage)
             ... on level 5 of the Dungeon on Jan 17, 2021.
             The game lasted 00:10:02 (5770 turns).

Jonnyslop the Chopper (Palentonga Berserker)        Turns: 5770, Time: 00:10:02

Health: -1/66      AC: 17    Str: 22    XL:     7   Next: 68%
Magic:  7/7        EV:  6    Int:  8    God:    Trog [***...]
Gold:   97         SH:  0    Dex:  9    Spells: 6/6 levels left

rFire    . . .     SeeInvis +   c - -1 hand axe (curse)
rCold    . . .     Faith    .   (no shield)
rNeg     . . .     Spirit   .   f - +0 chain mail
rPois    .         Reflect  .   e - +1 helmet
rElec    .         Harm     .   h - +0 cloak {Stlth+}
rCorr    .         Rampage  .   (no gloves)
Will     .....                  (no barding)
Stlth    ..........             (no amulet)
HPRegen  0.21/turn              (no ring)
MPRegen  0.10/turn              (no ring)

@: lethally poisoned (-1 -> -42), berserk cooldown, slowed, curled up, very slow
A: large, rugged brown scales 3, see invisible, deformed body, roll 1, armoured
tail, reflexive curl
a: Rolling Charge, Renounce Religion, Berserk, Trog's Hand


You were on level 5 of the Dungeon.
You worshipped Trog.
Trog was most pleased with you.
You visited 1 branch of the dungeon, and saw 5 of its levels.

You collected 97 gold pieces.

Inventory:

Hand Weapons
 a - a +0 hand axe
 c - a cursed -1 hand axe (weapon)
Armour
 e - a +1 helmet (worn)
 f - a +0 chain mail (worn)
 h - a +0 cloak of stealth (worn)
Scrolls
 d - a scroll of identify
 j - a scroll of teleportation
 k - a scroll of enchant armour
 n - a scroll of fog
 p - a scroll of magic mapping {unknown}
Potions
 b - a potion of might
 g - 2 potions of attraction
 i - 2 potions of curing
 l - a potion of heal wounds
 m - a potion of haste
 o - 2 potions of lignification


   Skills:
 + Level 5.8 Fighting
 * Level 7.8 Axes
 - Level 1.5 Armour
 - Level 1.5 Dodging


You had 6 spell levels left.
You didn't know any spells.
Your spell library was empty.

Dungeon Overview and Level Annotations

Branches:
Dungeon (5/15)
 Temple: D:4-7

Altars:
Nemelex Xobeh
Yredelemnul
Zin


Innate Abilities, Weirdness & Mutations

You are completely covered in rugged brown scales. (AC +3, +7% HP)
You have supernaturally acute eyesight. (SInv)
Armour fits poorly on your strangely shaped body.
You can roll at nearby foes to attack.
You have a long armoured tail.
You curl defensively after being hit.


Message History

You feel very sick.
The orc wizard gestures at you while chanting.
The puff of frost hits you!
* * * LOW HITPOINT WARNING * * *
The orc wizard hits you but does no damage.
You are more poisoned.
The orc wizard points at you and mumbles some strange words.
The puff of frost hits you but does no damage.
The orc wizard hits you but does no damage.
You are more poisoned.
The orc wizard hits you but does no damage.
You are more poisoned.
The orc wizard hits you but does no damage.
You hit the orc wizard.
The orc wizard is almost dead.
You closely miss the orc wizard.
* * * LOW HITPOINT WARNING * * *
You feel very sick.
The orc wizard hits you with a +1 dagger of venom.
You die...

##.# #..# #..#
#.##### #.#...#
##.#...#
####..##..#
####...##oo###
#o)o######@..##
#......###
###..###
...#.#..#
###..###
......#
##...#####
#.....#..
###..#..# ###
#.#####..
###...##... .
#.. ##)....#
##.. #....###
#....#


You could see 2 orc wizards.

Vanquished Creatures
  Edmund (D:5)
  Duvessa (D:5)
  Dowan (D:5)
  3 scorpions
  A bullfrog skeleton (D:4)
  Crazy Yiuf (D:4)
  An iguana (D:4)
  An orc wizard (D:5)
  Natasha (thrice) (D:4)
  3 gnolls
  9 adders
  A white imp (D:5)
  An ooze (D:3)
  An adder skeleton (D:4)
  A worm (D:2)
  4 dart slugs
  3 leopard geckos
  14 orcs
  2 ball pythons
  5 giant cockroaches
  7 goblins
  9 hobgoblins
  3 jackals (D:4)
  5 kobolds
  8 bats
  8 frilled lizards
  10 rats
107 creatures vanquished.

Vanquished Creatures (others)
  4 plants (D:3)
4 creatures vanquished.

Grand Total: 111 creatures vanquished

Notes
Turn   | Place    | Note
-------+----------+-------------------------------------------
     0 | D:1      | Jonnyslop the Palentonga Berserker began the quest for the
                  | Orb.
     0 | D:1      | Reached XP level 1. HP: 20/20 MP: 1/1
   728 | D:1      | Reached XP level 2. HP: 27/27 MP: 2/2
  1542 | D:2      | Reached XP level 3. HP: 33/33 MP: 3/3
  1564 | D:2      | Reached skill level 4 in Axes
  1876 | D:2      | Reached ** piety under Trog
  1879 | D:2      | Found a sparkling altar of Nemelex Xobeh.
  1986 | D:2      | Reached XP level 4. HP: 42/42 MP: 4/4
  2207 | D:2      | Found a glowing silver altar of Zin.
  2951 | D:3      | Reached skill level 5 in Axes
  3033 | D:3      | Reached XP level 5. HP: 49/49 MP: 5/5
  3363 | D:4      | Found a basalt altar of Yredelemnul.
  3721 | D:4      | Noticed Natasha
  4082 | D:4      | Killed Natasha
  4133 | D:4      | Reached *** piety under Trog
  4158 | D:4      | Reached skill level 6 in Axes
  4158 | D:4      | Reached XP level 6. HP: 27/56 MP: 6/6
  4240 | D:4      | Noticed Natasha
  4247 | D:4      | Killed Natasha
  4314 | D:4      | Noticed Natasha
  4319 | D:4      | Killed Natasha
  4529 | D:4      | Found a runed translucent door.
  4533 | D:4      | Noticed Crazy Yiuf
  4544 | D:4      | Killed Crazy Yiuf
  4741 | D:5      | Entered Level 5 of the Dungeon
  4780 | D:5      | Reached skill level 5 in Fighting
  4784 | D:4      | Upgraded the game from 0.26-b1-32-g5d43845 to
                  | 0.26.0-15-gc6cd9f7
  5040 | D:5      | Noticed Duvessa
  5044 | D:5      | Noticed Dowan
  5094 | D:5      | Killed Duvessa
  5095 | D:5      | Gained mutation: You curl defensively after being hit.
                  | [Palentonga growth]
  5095 | D:5      | Reached XP level 7. HP: 63/65 MP: 7/7
  5107 | D:5      | Killed Dowan
  5108 | D:5      | Reached skill level 7 in Axes
  5590 | D:5      | Noticed Edmund
  5616 | D:5      | Killed Edmund
  5770 | D:5      | HP: 2/66 [poisoned by an orc wizard]
  5770 | D:5      | Slain by an orc wizard

Illustrated notes

Levels and vault maps discovered:
D:1:      psy_arrival_radial02, layout_basic
D:2:      layout_basic, lemuel_coloured_pillars_altar,
          nicolae_overflow_hidden_temple
D:3:      layout_basic, st_stairs_10, serial_bayou_pond_a
D:4:      layout_basic, corexii_item_surrounded_by_moat,
          yredelemnul_altar_generic, uniq_natasha, uniq_crazy_yiuf_cottage
D:5:      layout_cave_pods, minmay_temple_entry_slanted,
          minmay_manual_monstrance, uniq_edmund, uniq_duvessa

Skill      XL: |  1  2  3  4  5  6  7 |
---------------+----------------------+-----
Axes           | 4 5 6 7 |  7.8
Fighting       | 4 5 |  5.8
Armour         | |  1.5
Dodging        | |  1.5

Action                   |  1- 3 |  4- 6 |  7- 9 || total
-------------------------+-------+-------+-------++-------
Melee: Hand axe          |   121 |   250 |    79 ||   450
       Tailslap          |    11 |    25 |    13 ||    49
Invok: Berserk           |       |       |     1 ||     1
       Trog's Hand       |       |       |     1 ||     1
 Abil: Rolling Charge    |     6 |     6 |     1 ||    13
  Use: Scroll            |       |    13 |       ||    13
       Potion            |       |     2 |       ||     2
Armor: Scale mail        |    12 |       |       ||    12
       Chain mail        |    85 |   127 |    40 ||   252
Dodge: Dodged            |    44 |    78 |    24 ||   146
